 Dungeon Crawl Stone Soup version 0.14-a0-736-g2a71271 (webtiles) character file.

300 Malachi the Ruffian (level 5, -2/41 HPs)
             Began as a Draconian Transmuter on Nov 7, 2013.
             Slain by an orc
             ... wielding a +0,+0 orcish mace
              (8 damage)
             ... on Level 2 of the Dungeon.
             The game lasted 00:04:37 (3844 turns).

Malachi the Ruffian (Draconian Transmuter)          Turns: 3844, Time: 00:04:37

HP  -2/41        AC  6     Str 12      XL: 5   Next: 34%
MP   5/7         EV 13     Int 15      God:
Gold 119         SH  0     Dex 11      Spells:  3 memorised,  2 levels left

Res.Fire  : . . .   See Invis. : +     - Unarmed
Res.Cold  : . . .   Warding    : .   (armour unavailable)
Life Prot.: . . .   Conserve   : .   (no shield)
Res.Poison: .       Res.Corr.  : .   x - +0 wizard hat
Res.Elec. : .       Clarity    : .   g - +0 cloak
Sust.Abil.: . .     Spirit.Shd : .   (no gloves)
Res.Mut.  : .       Stasis     : .   (boots unavailable)
Res.Rott. : .       Flight     : .   (no amulet)
Saprovore : . . .                    (no ring)
                                     m - ring of see invisible

@: appendage, slightly resistant to hostile enchantments, unstealthy
A: unfitting armour, talons 3, AC +5
a: End Transformation


You were on level 2 of the Dungeon.
You were near starving.
You had grown temporary talons.
You visited 1 branch of the dungeon, and saw 3 of its levels.

You collected 119 gold pieces.

Inventory:

Missiles
 b - 47 arrows
 c - 2 silver tomahawks (quivered)
 f - 2 throwing nets
Armour
 g - a +0 cloak (worn)
 x - a +0 wizard hat (worn)
Comestibles
 a - 2 bread rations
 j - 13 grapes
 k - 2 meat rations
Scrolls
 i - 2 scrolls of identify
 o - 2 scrolls of enchant weapon I {unknown}
 p - a scroll of fear {unknown}
 q - a scroll of enchant weapon II
 r - a scroll of noise {unknown}
 t - 5 scrolls of remove curse {unknown}
 v - a scroll of blinking {unknown}
 w - a scroll of magic mapping {unknown}
 y - a scroll of enchant armour {unknown}
Jewellery
 m - a ring of see invisible (left hand)
Potions
 e - 4 potions of curing
 h - a potion of flight {unknown}
 n - a potion of heal wounds {unknown}
 s - a potion of speed {unknown}
 u - a potion of poison {unknown}
Books
 d - a book of Changes

   Spells                             Type                      Level
   *Beastly Appendage                 Transmutation                1
   *Sticks to Snakes                  Transmutation                2
   *Spider Form                       Transmutation/Poison         3
   Ice Form                           Ice/Transmutation            4
   Blade Hands                        Transmutation                5


   Skills:
 + Level 1.8 Fighting
 + Level 3.4 Dodging
 - Level 0.2 Stealth
 + Level 4.1 Unarmed Combat
 - Level 2.0 Spellcasting
 * Level 2.8 Transmutations
 * Level 1.1 Poison Magic


You had 2 spell levels left.
You knew the following spells:

 Your Spells              Type           Power        Failure   Level  Hunger
a - Beastly Appendage     Trmt           ##....       10%         1    #......
b - Sticks to Snakes      Trmt           ##........   12%         2    ###....
c - Spider Form           Trmt/Pois      #.........   34%         3    ####...


Dungeon Overview and Level Annotations

Branches:
Dungeon (3/27)

Altars:
Elyvilon


Innate Abilities, Weirdness & Mutations

Your plain brown scales are hard (AC +5).*
Your body does not fit into most forms of armour.
Your cold-blooded metabolism reacts poorly to cold.
You have claws for feet.*


Message History

Casting: Spider Form
Confirm with . or Enter, or press ? or * to list all spells.
Your feet morph into talons.
The orc hits you with an orcish mace!
* * * LOW HITPOINT WARNING * * *
The orc misses you.
Drink which item? (? for menu, Esc to quit)
You feel better.
It was a potion of curing.
The orc closely misses you.
Casting: Beastly Appendage
Confirm with . or Enter, or press ? or * to list all spells.
You fail to extend your transformation any further.
You barely miss the orc. You claw the orc.
The orc is lightly wounded.
You barely miss the orc. Your kick misses the orc.
The orc is lightly wounded.
The orc hits you with an orcish mace.
* * * LOW HITPOINT WARNING * * *
You barely miss the orc. You claw the orc.
The orc is lightly wounded.
The orc hits you with an orcish mace!
You die...

##################
.................#
......##########.#
.....(# #@#
......##########o#
................>#
.......#########.#
...)...# #.#
.......# #.#
.......# #.#
.......# #.#
'#'##..# #.#


You could see an orc.

Vanquished Creatures
  2 orc priests (D:3)
  5 adders
  A giant mite (D:3)
  A worm (D:2)
  A giant gecko (D:3)
  5 orcs
  A giant cockroach (D:1)
  4 goblins
  9 hobgoblins
  2 jackals (D:1)
  A ball python (D:3)
  9 bats
  3 giant newts
  8 kobolds
  7 rats
59 creatures vanquished.

Notes
Turn   | Place    | Note
--------------------------------------------------------------
     0 | D:1      | Malachi, the Draconian Transmuter, began the quest for the Orb.
     0 | D:1      | Reached XP level 1. HP: 16/16 MP: 1/1
   304 | D:1      | Reached XP level 2. HP: 23/23 MP: 0/3
  1185 | D:2      | Reached XP level 3. HP: 8/28 MP: 4/4
  2281 | D:3      | Reached XP level 4. HP: 33/35 MP: 6/6
  2285 | D:3      | Learned a level 2 spell: Sticks to Snakes
  2289 | D:3      | Learned a level 3 spell: Spider Form
  2422 | D:3      | Found a white marble altar of Elyvilon.
  3575 | D:3      | Reached skill level 4 in Unarmed Combat
  3575 | D:3      | Reached XP level 5. HP: 17/41 MP: 3/7
  3829 | D:3      | Reached skill level 1 in Poison Magic
  3838 | D:2      | HP: 2/41 [orc/orcish mace (8)]
  3844 | D:2      | Slain by an orc

Action                   |  1- 3 |  4- 6 || total
-------------------------+-------+-------++-------
Melee: Unarmed           |   184 |    93 ||   277
 Cast: Beastly Appendage |     8 |     6 ||    14
       Spider Form       |       |     2 ||     2
  Use: Scroll            |     3 |       ||     3
       Potion            |       |     1 ||     1
